AoeStats
← Zumoshi

Arabia

507284341Analyzed
1v1 RM · 16d ago on Sep 17, 2026· 52m 35s· 2 players
Game mode
Random Map
Map size
Tiny (2 player)
Population
200
Speed
Normal
Resources
Standard
Victory
Conquest
Starting age
Dark Age
Ending age
Imperial Age
RankedLock teamsTeams togetherTeam positionsShared explorationLock speedFull tech treeHidden civsTurbo modeCheats
Victory
Defeat
🇮🇱 Magyars · Israel
1086
+12
🇨🇴 Magyars · Colombia
998
-12
Zumoshi
7:12 Loom
9:25 Feudal Age
10:12 Double-Bit Axe
15:45 Fletching
17:26 Horse Collar
22:29 Castle Age
20:39 Gold Mining
21:03 Padded Archer Armor
22:00 Scale Barding Armor
23:18 Husbandry
23:16 Bodkin Arrow
23:38 Bow Saw
25:04 Bloodlines
25:35 Leather Archer Armor
30:56 Heavy Plow
33:16 Wheelbarrow
34:02 Corvinian Army
35:06 Chain Barding Armor
35:26 Town Watch
38:40 Hand Cart
41:46 Imperial Age
40:25 Ballistics
41:46 Thumb Ring
42:30 Town Patrol
42:37 Bracer
42:49 Recurve Bow
42:12 Elite Magyar Huszar
43:13 Conscription
44:07 Parthian Tactics
44:20 Ring Archer Armor
44:36 Plate Barding Armor
45:30 Chemistry
45:12 Ring Archer Armor
46:03 Two-Man Saw
45:25 Heavy Cavalry Archer
juandaosp12
7:05 Loom
9:27 Feudal Age
10:20 Double-Bit Axe
10:58 Horse Collar
19:32 Wheelbarrow
22:16 Castle Age
21:25 Bloodlines
21:45 Gold Mining
22:35 Elite Skirmisher
24:42 Bloodlines
24:33 Husbandry
25:43 Scale Barding Armor
26:18 Fletching
28:26 Padded Archer Armor
28:22 Bodkin Arrow
30:52 Heavy Plow
33:13 Bow Saw
33:02 Stone Mining
40:59 Imperial Age
39:17 Chain Barding Armor
40:45 Hand Cart
41:18 Gold Shaft Mining
42:34 Bracer
42:28 Light Cavalry
44:00 Town Watch
44:23 Corvinian Army
45:08 Leather Archer Armor
45:47 Conscription
45:17 Cavalier
46:37 Plate Barding Armor
47:15 Chemistry
46:36 Ballistics
49:33 Paladin
Connection lost

Rejoining the realm…

Still unreachable

The connection could not be restored.

Session expired

The server has moved on; the page needs a fresh start.